 Dungeon Crawl Stone Soup version 0.29-a0-284-gf9362112df (webtiles) character file.

Game seed: 10714023843761809218

507 epen the Archer (level 7, -17/56 HPs)
             Began as a Gnoll Hunter on Mar 14, 2022.
             Engulfed by a cloud of flame (26 damage)
             ... on level 4 of the Dungeon.
             The game lasted 00:04:16 (2932 turns).

epen the Archer (Gnoll Hunter)                      Turns: 2932, Time: 00:04:17

Health: -17/56     AC:  4    Str: 15    XL:     7   Next: 18%
Magic:  10/10      EV: 14    Int:  6    God:
Gold:   85         SH:  0    Dex: 19    Spells: 10/10 levels left

rFire   . . .      SeeInvis +   a - +1 shortbow
rCold   . . .      Faith    .   (shield currently unavailable)
rNeg    . . .      Spirit   .   b - +1 leather armour
rPois   .          Reflect  .   (no helmet)
rElec   .          Harm     .   (no cloak)
rCorr   .          Rampage  .   (no gloves)
Will    +....                   (no boots)
Stlth   ++........              (no amulet)
HPRegen 0.18/turn               d - ring of willpower
MPRegen 0.12/turn               l - ring of Uwnikel {Fly Str+5 Int-3 Dex+2 SInv}

@: flying, invisible
A: fangs 1, strong nose, distributed training
a: no special abilities


You were on level 4 of the Dungeon.
You visited 1 branch of the dungeon, and saw 4 of its levels.

You collected 185 gold pieces.
You spent 100 gold pieces at shops.

Inventory:

Hand Weapons
 a - a +1 shortbow (weapon)
Armour
 b - a +1 leather armour (worn)
Jewellery
 d - a ring of willpower (left hand)
 e - a ring of wizardry
 g - a ring of positive energy
 l - the ring of Uwnikel (right hand) {Fly Str+5 Int-3 Dex+2 SInv}
   (You bought it in a shop on level 2 of the Dungeon)

   [ring of flight]

   Str:       It affects your strength (+5).
   Int:       It affects your intelligence (-3).
   Dex:       It affects your dexterity (+2).
   SInv:      It lets you see invisible.
   Fly:       It grants you flight.
 s - a +4 ring of protection
Scrolls
 c - a scroll of immolation
 f - 2 scrolls of identify
 i - 2 scrolls of noise
 j - a scroll of holy word
Potions
 n - a potion of resistance
 o - a potion of invisibility
 p - a potion of cancellation {unknown}
 q - a potion of might {unknown}


   Skills:
 + Level 5.1 Fighting
 + Level 2.3 Short Blades
 + Level 2.3 Long Blades
 + Level 2.3 Axes
 + Level 2.3 Maces & Flails
 + Level 2.3 Polearms
 + Level 2.3 Staves
 + Level 2.3 Slings
 + Level 8.9 Bows
 + Level 2.3 Crossbows
 + Level 2.3 Throwing
 + Level 2.3 Armour
 + Level 5.1 Dodging
 + Level 3.3 Stealth
 + Level 2.3 Shields
 + Level 2.3 Unarmed Combat
 + Level 2.3 Spellcasting
 + Level 1.9 Conjurations
 + Level 1.9 Hexes
 + Level 1.9 Summonings
 + Level 1.9 Necromancy
 + Level 1.9 Translocations
 + Level 1.9 Transmutations
 + Level 1.9 Fire Magic
 + Level 1.9 Ice Magic
 + Level 1.9 Air Magic
 + Level 1.9 Earth Magic
 + Level 1.9 Poison Magic
 + Level 2.5 Invocations
 + Level 2.3 Evocations


You had 10 spell levels left.
You didn't know any spells.
Your spell library was empty.

Dungeon Overview and Level Annotations

Branches:
Dungeon (4/15)
 Temple: D:4-7

Altars:

Shops:
D:2 *?*!(


Innate Abilities, Weirdness & Mutations

You have very sharp teeth.
Your uncanny sense of smell can sniff out nearby items.
Your experience applies equally to all skills.


Message History

The killer bee misses you.
Shoot: a) +1 shortbow
Press: ? - help, Shift-Dir - straight line, f/p - killer bee
Aim: a killer bee (inner flame, can't see you, 45% to hit)
You shoot an arrow. The arrow hits the killer bee.
Flame seeps out of the killer bee.
The killer bee is moderately wounded.
You hear the brisk hiss of a very distant avalanche of sand.
The killer bee is engulfed in blazing flames.
Flame seeps out of the killer bee.
The killer bee barely misses you.
The ufetubus hits you but does no damage.
The ufetubus misses you.
The killer bee is engulfed in blazing flames.
Flame seeps out of the killer bee.
The ufetubus closely misses you. The ufetubus barely misses you.
Shoot: a) +1 shortbow
Press: ? - help, Shift-Dir - straight line, f/p - killer bee
Aim: a killer bee (flame, inner flame, can't see you, 45% to hit)
Shoot: a) +1 shortbow
Press: ? - help, Shift-Dir - straight line, f - ufetubus, p - killer bee
Aim: an ufetubus (inner flame, can't see you, 54% to hit)
You shoot an arrow. The arrow misses the ufetubus.
The killer bee is engulfed in blazing flames.
Flame seeps out of the killer bee.
The killer bee barely misses you. The ufetubus closely misses you.
The ufetubus hits you but does no damage.
The orc priest invokes the aid of Beogh against you.
The killer bee writhes in agony!
Flame seeps out of the killer bee.
The killer bee is engulfed in blazing flames.
The killer bee explodes!
The fiery explosion engulfs the killer bee!
The fiery explosion engulfs you.
* * * LOW HITPOINT WARNING * * *
The fiery explosion engulfs the orc priest!!
The orc priest explodes!
The killer bee explodes!
You hear an angry buzzing noise.
You hear a shout!
You have reached level 7!
A killer bee comes into view.
You are engulfed in blazing flames.
You die...

#....<# ###..## ##..)#
###.# ######..## #.....
..# #..... #5# #..... #§#
#.....##@#############...
#......§§§..............
#...y.###§.....### #....
....... ####.#.#####....
#...... #..........#
##..... ##.######÷.#
#.>... #...##....###
###### ##......<...#
#......).#..


You could see a killer bee (wandering, can't see you) and an ufetubus (inner
flame, can't see you).

Vanquished Creatures
  A sky beast (D:3)
  4 killer bees (D:4)
  A howler monkey (D:4)
  A hound (D:3)
  An orc priest (D:4)
  3 gnolls (D:3)
  6 adders
  A worm (D:3)
  3 dart slugs (D:1)
  7 ball pythons
  12 endoplasms
  A giant cockroach (D:2)
  3 goblins
  4 hobgoblins
  9 jackals (D:1)
  3 quokkas
  4 bats
  8 frilled lizards
  10 kobolds
  12 rats
94 creatures vanquished.

Notes
Turn   | Place    | Note
-------+----------+-------------------------------------------
     0 | D:1      | epen the Gnoll Hunter began the quest for the Orb.
     0 | D:1      | Reached XP level 1. HP: 20/20 MP: 1/1
    70 | D:1      | Reached XP level 2. HP: 26/26 MP: 2/2
   216 | D:1      | Reached XP level 3. HP: 31/31 MP: 3/3
   323 | D:1      | Reached skill level 1 in Invocations
   573 | D:1      | Reached skill level 1 in Short Blades
   573 | D:1      | Reached skill level 1 in Long Blades
   573 | D:1      | Reached skill level 1 in Axes
   573 | D:1      | Reached skill level 1 in Maces & Flails
   573 | D:1      | Reached skill level 1 in Polearms
   573 | D:1      | Reached skill level 1 in Staves
   573 | D:1      | Reached skill level 1 in Slings
   573 | D:1      | Reached skill level 1 in Crossbows
   573 | D:1      | Reached skill level 1 in Throwing
   573 | D:1      | Reached skill level 1 in Armour
   573 | D:1      | Reached skill level 1 in Shields
   573 | D:1      | Reached skill level 1 in Unarmed Combat
   573 | D:1      | Reached skill level 1 in Spellcasting
   573 | D:1      | Reached skill level 1 in Evocations
   967 | D:2      | Found a faded altar of an unknown god.
   969 | D:2      | Found Qiteunta's Assorted Antiques.
  1033 | D:2      | Found Voetimn's Distillery.
  1209 | D:2      | Reached XP level 4. HP: 38/38 MP: 5/5
  1490 | D:2      | Found Woruj's Magic Scroll Shoppe.
  1502 | D:2      | You fall into a shaft and drop 1 floor!
  1551 | D:3      | Reached skill level 1 in Conjurations
  1551 | D:3      | Reached skill level 1 in Hexes
  1551 | D:3      | Reached skill level 1 in Summonings
  1551 | D:3      | Reached skill level 1 in Necromancy
  1551 | D:3      | Reached skill level 1 in Translocations
  1551 | D:3      | Reached skill level 1 in Transmutations
  1551 | D:3      | Reached skill level 1 in Fire Magic
  1551 | D:3      | Reached skill level 1 in Ice Magic
  1551 | D:3      | Reached skill level 1 in Air Magic
  1551 | D:3      | Reached skill level 1 in Earth Magic
  1551 | D:3      | Reached skill level 1 in Poison Magic
  1651 | D:2      | Found Ocaabi Geci's Assorted Antiques.
  1657 | D:2      | Found Uchumor's Weapon Boutique.
  1751 | D:2      | Bought a slimy marble ring for 100 gold pieces
  1751 | D:2      | Identified the ring of Uwnikel {Fly Str+5 Int-3 Dex+2 SInv}
                  | (You bought it in a shop on level 2 of the Dungeon)
  1945 | D:3      | Reached XP level 5. HP: 43/43 MP: 5/7
  2600 | D:4      | Noticed a sky beast
  2637 | D:3      | Killed a sky beast
  2638 | D:3      | Reached XP level 6. HP: 19/50 MP: 8/8
  2660 | D:3      | Reached skill level 5 in Fighting
  2660 | D:3      | Reached skill level 5 in Dodging
  2932 | D:4      | Reached XP level 7. HP: 9/56 MP: 10/10
  2932 | D:4      | Engulfed by a cloud of flame

Illustrated notes

Levels and vault maps discovered:
D:1:      onia_arrival_handbag, layout_rooms, serial_bayou_crossing
D:2:      layout_basic, hellmonk_ecumenical_altar_run_dry,
          serial_co_window_serial, co_window_paths_b,
          co_window_of_opportunity_a, co_window_paths_a, co_window_corner_a,
          co_window_paths_a, co_window_of_opportunity_a, co_window_corner_a,
          co_window_corner_a, co_window_of_opportunity_a, co_window_2corner,
          co_window_corner_ca, co_window_corner_cb, co_window_corner_cb,
          co_window_corner_ca, co_window_2corner, glass_columns_c, serial_shops,
          shop, nicolae_shop_bloodbath_and_beyond, nicolae_shop_statue_plus,
          nicolae_shop_behind_doors, nicolae_shop_stone, minmay_misc_feat_chi
D:3:      minmay_door_path, layout_loops_ring
D:4:      layout_rooms, minmay_temple_entry_proselytizer,
          gammafunk_ghost_gnarly_gnolls, chequers_ossuary_entry_cave,
          nicolae_figureground_pulse

Skill      XL: |  1  2  3  4  5  6 |
---------------+-------------------+-----
Invocations    | 1 2 |  2.5
Short Blades   | 1 2 |  2.3
Long Blades    | 1 2 |  2.3
Axes           | 1 2 |  2.3
Maces & Flails | 1 2 |  2.3
Polearms       | 1 2 |  2.3
Staves         | 1 2 |  2.3
Slings         | 1 2 |  2.3
Crossbows      | 1 2 |  2.3
Throwing       | 1 2 |  2.3
Armour         | 1 2 |  2.3
Shields        | 1 2 |  2.3
Unarmed Combat | 1 2 |  2.3
Spellcasting   | 1 2 |  2.3
Evocations     | 1 2 |  2.3
Conjurations   | 1 |  1.9
Hexes          | 1 |  1.9
Summonings     | 1 |  1.9
Necromancy     | 1 |  1.9
Translocations | 1 |  1.9
Transmutations | 1 |  1.9
Fire Magic     | 1 |  1.9
Ice Magic      | 1 |  1.9
Air Magic      | 1 |  1.9
Earth Magic    | 1 |  1.9
Poison Magic   | 1 |  1.9
Stealth        | 3 |  3.3
Fighting       | 5 |  5.1
Dodging        | 5 |  5.1
Bows           | |  8.9

Action                   |  1- 3 |  4- 6 |  7- 9 || total
-------------------------+-------+-------+-------++-------
Melee: Shortbow          |       |     1 |       ||     1
 Fire: Shortbow          |   127 |   110 |       ||   237
  Use: Scroll            |     1 |     7 |       ||     8
       Potion            |       |     5 |       ||     5
Armor: Leather armour    |    13 |    16 |       ||    29
Dodge: Dodged            |    57 |    70 |       ||   127

Table legend: (Time is in decaauts)
 A = Elapsed time spent in this place.
 B = Non-inter-level travel time spent in this place.
 C = Inter-level travel time spent in this place.
 D = Time resting spent in this place.
 E = Time spent auto-exploring this place.
 F = Levels seen in this place.
 G = Mean time per level.
                   A        B        C        D        E       F      G
               +--------+--------+--------+--------+--------+-----+--------+
         Total |   2963 |   2859 |    104 |    217 |   2172 |   4 |  740.8 |
       Dungeon |   2963 |   2859 |    104 |    217 |   2172 |   4 |  740.8 |
               +--------+--------+--------+--------+--------+-----+--------+

Top non-repeatable levels by time:
     D:2: 1051 daAuts
     D:3: 1000 daAuts
     D:1: 784 daAuts
     D:4: 126 daAuts
